AoeStats
← willrhyd

Arabia

506680389Analyzed
1v1 RM · 18d ago on Sep 14, 2026· 34m 49s· 2 players
Game mode
Random Map
Map size
Tiny (2 player)
Population
200
Speed
Normal
Resources
Standard
Victory
Conquest
Starting age
Dark Age
Ending age
Imperial Age
RankedLock teamsTeams togetherTeam positionsShared explorationLock speedFull tech treeHidden civsTurbo modeCheats
Victory
Defeat
🇩🇰 Byzantines · Denmark
1556
+19
🇬🇧 Vietnamese · United Kingdom
1623
-19
Schlaange
7:21 Loom
9:53 Feudal Age
9:57 Man-at-Arms
12:28 Double-Bit Axe
20:30 Castle Age
18:54 Horse Collar
19:04 Gold Mining
19:16 Fletching
19:29 Padded Archer Armor
21:31 Bow Saw
21:22 Heavy Plow
21:51 Bodkin Arrow
23:39 Elite Skirmisher
28:03 Leather Archer Armor
28:52 Thumb Ring
30:00 Redemption
30:40 Wheelbarrow
30:51 Gold Mining
32:02 Ballistics
36:10 Imperial Age
34:16 Hand Cart
33:27 Crossbowman
34:44 Scale Barding Armor
34:50 Forging
35:20 Husbandry
willrhyd
6:32 Loom
8:58 Feudal Age
9:32 Double-Bit Axe
21:02 Castle Age
19:27 Horse Collar
19:57 Fletching
21:26 Scale Barding Armor
21:34 Forging
21:48 Bodkin Arrow
22:06 Crossbowman
24:35 Padded Archer Armor
26:51 Bow Saw
26:33 Gold Mining
27:18 Bloodlines
27:59 Wheelbarrow
27:39 Husbandry
30:45 Hand Cart
33:44 Ballistics
33:07 Light Cavalry
34:58 Chain Barding Armor
35:14 Iron Casting
Connection lost

Rejoining the realm…

Still unreachable

The connection could not be restored.

Session expired

The server has moved on; the page needs a fresh start.